cohdb
Replays
Latest Replays
All Replays
Popular Replays
Top Player Replays
Match Explorer
How It Works
Community
CoH3 Stats
Reddit
Sign in to upload your games and track your stats! →
Sign in with Steam
You're not allowed to build tanks against DAK
Match 9832214
Overview
Messages
Build Orders
End
Selects Italian Combined Arms Battlegroup
Selects Bersaglieri Squad
Bersaglieri Squad
Bersaglieri Squad
250 Light Carrier
Construct Light Support Kompanie
Combat Half-tracks
Assault Grenadier Squad
Panzerjäger Mechanized Group
Selects Semovente da 75/18 Assault Gun
Construct Mechanized Kompanie
Marder III Tank Destroyer
Selects Carro Armato M13/40 Light Tank
Carro Armato M13/40 Light Tank
Vehicle Survival Package
Selects Pact of Steel
Assault Mechanized Group
Selects Vehicle Support - Secure Location
Support Armor Elements
StuG III D Assault Gun
StuG III D Assault Gun
Tungsten Core Ammunition
Panzerjäger Mechanized Group
Marder III Tank Destroyer
Emergency Repair Kits
Selects Breda Model 30 Light Machine Guns
Rapid Advance
8 Rad Armored Car
Assault Mechanized Group
8 Rad Armored Car
8 Rad Armored Car
Xufe
Leiarde
Fried Chiken
oki
0
0
Comments
sign in to comment!
No comments posted yet!